 Dungeon Sprint DCSS version 0.29.1-15-g9cfb28693d (webtiles) character file.

Game seed: 11829647811118373595

1386 dialectric the Basher (level 8, -15/57 HPs)
             Began as a Gargoyle Fighter on Feb 28, 2023.
             Was an Initiate of Trog.
             Engulfed by a cloud of steam (19 damage)
             ... in the Dungeon (Sprint II: "The Violet Keep of Menkaure").
             The game lasted 00:03:44 (563 turns).

dialectric the Basher (Gargoyle Fighter)             Turns: 563, Time: 00:03:45

Health: -15/57     AC: 20    Str: 19    XL:     8   Next: 67%
Magic:  8/8        EV: 11    Int: 13    God:    Trog [......]
Gold:   480        SH:  0    Dex: 11    Spells: 7/7 levels left

rFire   . . .      SeeInvis +   a - +0 flail
rCold   . . .      Faith    .   (no shield)
rNeg    + . .      Spirit   .   d - +4 scale mail of Hangman {Int+3}
rPois   ∞          Reflect  .   e - +0 helmet {SInv}
rElec   +          Harm     .   (no cloak)
rCorr   .          Rampage  .   (no gloves)
Will    .....      NoTele   +   (no boots)
Stlth   ..........              (no amulet)
HPRegen 0.19/turn               (no ring)
MPRegen 0.11/turn               (no ring)

@: on berserk cooldown, slowed, very slow
A: sickness immunity, AC +5, negative energy resistance 1, electricity
resistance, torment resistance 1, petrification resistance
a: Renounce Religion


You were in the Dungeon.
You worshipped Trog.
Trog was noncommittal.
You visited 1 branch You collected 978 gold pieces.
You spent 498 gold pieces at shops.

Inventory:

Hand Weapons
 a - a +0 flail (weapon)
Armour
 b - a +0 scale mail
 c - a +0 buckler
 d - the +4 scale mail of Hangman (worn) {Int+3}
   (You bought it in a shop in the Dungeon)

   Int:       It affects your intelligence (+3).
 e - a +0 helmet of see invisible (worn)
Potions
 f - a potion of heal wounds
 g - a potion of haste
 h - 2 potions of magic


   Skills:
 + Level 10.1 Fighting
 * Level 12.8 Maces & Flails
 + Level 11.3 Armour
 - Level 3.3 Dodging
 - Level 3.2 Shields


You had 7 spell levels left.
You didn't know any spells.
Your spell library was empty.

Dungeon Overview and Level Annotations

Branches:
Dungeon (1/1)

Altars:
Cheibriados
Dithmenos
Elyvilon
Fedhas
Gozag
Hepliaklqana
Kikubaaqudgha
Makhleb
Nemelex Xobeh
Okawaru
Qazlal
Ru
Sif Muna
Trog
Uskayaw
Vehumet
Wu Jian
Xom
Yredelemnul
Zin
The Shining One
Jiyva
Lugonu

Shops:
D (:?(![[[[[[:!==

Annotations:
D exclusion: oklob plant


Innate Abilities, Weirdness & Mutations

You are immune to sickness and miasma.
Your stone body is resilient. (AC +5)
You are immune to poison.
You resist negative energy. (rN+)
You are resistant to electric shocks. (rElec)
You are resistant to unholy torment.
You are immune to petrification.


Message History

Your Fighting skill increases to level 10!
The polar bear bites you but does no damage.
The polar bear misses you.
The polar bear claws you but does no damage.
The yaktaur unwields a +0 arbalest.
The yaktaur hits you.
You hit the yaktaur.
The yaktaur is lightly wounded.
You sock the yaktaur! You punch the yaktaur.
The yaktaur is moderately wounded.
The polar bear bites you! The polar bear completely misses you.
The polar bear claws you but does no damage.
You sock the yaktaur!
The yaktaur is severely wounded.
You are no longer berserk.
You are exhausted.
You feel yourself slow down. The yaktaur hits you!
* * * LOW HITPOINT WARNING * * *
You thump the yaktaur!
The yaktaur is almost dead.
The polar bear bites you but does no damage.
The polar bear claws you but does no damage.
The polar bear claws you.
* * * LOW HITPOINT WARNING * * *
The yaktaur barely misses you. The polar bear bites you.
* * * LOW HITPOINT WARNING * * *
The polar bear claws you but does no damage.
The polar bear barely misses you.
Blink to where?
Press: ? - help, Dir - move target Really blink into a travel-excluded area?
Splash!
You fall into the shallow water.
Moving in this stuff is going to be slow.
As you read the scroll of blinking, it crumbles to dust.
The yaktaur wields a +0 arbalest.
The yaktaur shoots a bolt.
The bolt barely misses you.
As you close the door, it creaks loudly!
Really walk into that cloud of steam?
You are engulfed in a cloud of scalding steam.
You die...

.##'##..# ###.###.#### .###
#..#..# ...# ^..#
##.#.####..## #..# .# !:$
###'###.##..# +..# .#▓$!)$$
###.##.#.#..# #..# h#▓=):[)$
.'.<.'###'..### ..##.#▓!?[[$!$
.##.##.#.#....###...##▓▓▓▓▓▓▓+
###†###.##..§§..@~~h~~~~~~~~~
##.#.####~~§§...§#+########+##
#..#..#~~~~~§§..~#....._..#~~~
##...##~~~~~~§~.~#..c._._.#~~≈
~##+##~~~§§§§§§§~#...h._._#~§§
~~~ ~~~~~~§§§§§~~#.._._._.#§~§
+++#+++#§§≈≈§≈§≈~#._._._._#S~~
. ##§≈≈###≈≈#_._._._.#S~~
#≈≈#._._._._#~§≈


You could see 2 polar bears and a yaktaur.

Vanquished Creatures
  A polar bear (D)
  A hornet (D)
  2 wyverns (D)
  A vampire mosquito (D)
  A water moccasin (D)
  4 necrophages (D)
  4 scorpions (D)
  3 worms (D)
17 creatures vanquished.

Vanquished Creatures (others)
  Menkaure (D)
  A water moccasin (D)
2 creatures vanquished.

Grand Total: 19 creatures vanquished

Notes
Turn   | Place    | Note
-------+----------+-------------------------------------------
     0 | D        | dialectric the Gargoyle Fighter began the quest for the
                  | Orb.
     0 | D        | Reached XP level 1. HP: 14/14 MP: 1/1
    13 | D        | Reached skill level 1 in Dodging
    15 | D        | Reached XP level 2. HP: 10/19 MP: 2/2
    20 | D        | Found Ynopn's Book Boutique.
    20 | D        | Found Kubiov's Jewellery Boutique.
    20 | D        | Found Tofife's Antique Armour Shop.
    21 | D        | Found Saruawk's Jewellery Shop.
    21 | D        | Found Poeloex's Antique Armour Shop.
    21 | D        | Found Jyroiv's Armour Boutique.
    21 | D        | Found Oduphyac's Antique Armour Boutique.
    35 | D        | Noticed a scorpion
    35 | D        | Noticed a scorpion
    35 | D        | Noticed a scorpion
    35 | D        | Noticed a scorpion
    37 | D        | Killed a scorpion
    38 | D        | Reached skill level 4 in Maces & Flails
    38 | D        | Reached XP level 3. HP: 14/23 MP: 3/3
    38 | D        | Reached XP level 4. HP: 17/28 MP: 4/4
    42 | D        | Killed a scorpion
    43 | D        | Reached skill level 5 in Maces & Flails
    43 | D        | Reached XP level 5. HP: 18/34 MP: 5/5
    45 | D        | Reached skill level 5 in Fighting
    45 | D        | Reached skill level 6 in Maces & Flails
    50 | D        | Reached skill level 7 in Maces & Flails
    50 | D        | Reached XP level 6. HP: 20/41 MP: 6/6
    52 | D        | Noticed a wyvern
    52 | D        | Noticed a wyvern
    58 | D        | Killed a wyvern
    59 | D        | Reached skill level 8 in Maces & Flails
    62 | D        | Killed a wyvern
    63 | D        | Reached skill level 9 in Maces & Flails
    63 | D        | Reached skill level 10 in Armour
    63 | D        | Reached XP level 7. HP: 14/49 MP: 7/7
    79 | D        | Found Eclem's Distillery.
    79 | D        | Found Ulusug's Antique Armour Boutique.
    79 | D        | Found Ytemivoy's Antique Armour Boutique.
    79 | D        | Found Elyl's Distillery.
    81 | D        | Found Wuifall's Antique Weapon Boutique.
    81 | D        | Found Zuwaab's Magic Scroll Shop.
    81 | D        | Noticed an oklob plant
    82 | D        | Found Sauxuimi's Weapon Boutique.
    82 | D        | Found Itoigasauk's Book Shoppe.
    87 | D        | Reached skill level 10 in Maces & Flails
    94 | D        | Noticed a cane toad
   380 | D        | Reached skill level 11 in Maces & Flails
   383 | D        | Reached XP level 8. HP: 42/56 MP: 8/8
   404 | D        | Noticed a cane toad
   415 | D        | Bought a heavily runed scale mail for 216 gold pieces
   415 | D        | Identified the +4 scale mail of Hangman {Int+3} (You bought
                  | it in a shop in the Dungeon)
   460 | D        | Bought a runed helmet for 142 gold pieces
   462 | D        | Killed Menkaure
   467 | D        | Bought a potion of heal wounds for 70 gold pieces
   509 | D        | Bought a potion of berserk rage for 70 gold pieces
   530 | D        | Found a blossoming altar of Fedhas.
   530 | D        | Found an opulent altar of Gozag.
   531 | D        | Found a white marble altar of Elyvilon.
   531 | D        | Found a burning altar of Makhleb.
   532 | D        | Found a shadowy altar of Dithmenos.
   532 | D        | Found a corrupted altar of Lugonu.
   533 | D        | Found a snail-covered altar of Cheibriados.
   533 | D        | Found an ancient bone altar of Kikubaaqudgha.
   533 | D        | Found a bloodstained altar of Trog.
   534 | D        | Found a viscous altar of Jiyva.
   534 | D        | Found a shimmering blue altar of Sif Muna.
   535 | D        | Found a hazy altar of Hepliaklqana.
   535 | D        | Found a sacrificial altar of Ru.
   535 | D        | Found a shimmering altar of Xom.
   536 | D        | Found a stormy altar of Qazlal.
   536 | D        | Found an ornate altar of the Wu Jian Council.
   536 | D        | Found a sparkling altar of Nemelex Xobeh.
   536 | D        | Found a hide-covered altar of Uskayaw.
   536 | D        | Found a basalt altar of Yredelemnul.
   536 | D        | Found a glowing golden altar of the Shining One.
   536 | D        | Noticed a hornet
   536 | D        | Noticed a polar bear
   536 | D        | Noticed a polar bear
   536 | D        | Noticed a yaktaur
   536 | D        | Noticed a polar bear
   537 | D        | Found a radiant altar of Vehumet.
   537 | D        | Found an iron altar of Okawaru.
   537 | D        | Found a glowing silver altar of Zin.
   542 | D        | Noticed a flying skull
   542 | D        | Noticed a flying skull
   543 | D        | Became a worshipper of Trog the Wrathful
   554 | D        | Killed a polar bear
   555 | D        | Reached skill level 12 in Maces & Flails
   555 | D        | Killed a hornet
   556 | D        | Reached skill level 10 in Fighting
   563 | D        | Engulfed by a cloud of steam

Illustrated notes

Levels and vault maps discovered:
D:        the_violet_keep_of_menkaure [sprint2_stairs_cluster_1,
          sprint2_shoproom, sprint2_temple, sprint2_basic_supplies,
          sprint2_obstacle_3, sprint2_obstacle_1, sprint2_obstacle_5,
          sprint2_obstacle_2, sprint2_obstacle_6, sprint2_timed_cluster_1,
          sprint2_smallroom_cluster_1, sprint2_smallroom_final_cluster_1,
          sprint2_transparent_cluster_1, sprint2_second_timed_cluster_1,
          sprint2_sniper_area_1, sprint2_heavy_combat_area_1,
          sprint2_mutation_trap_area_1, sprint2_forest_area_1,
          sprint2_light_combat_area_1, sprint2_behind_water_1,
          sprint2_near_end_vault_1]

Skill      XL: |  1  2  3  4  5  6  7  8 |
---------------+-------------------------+-----
Dodging        | 1 3 |  3.3
Armour         | 4 6 7 8 10 11 | 11.3
Maces & Flails | 4 5 7 9 11 12 | 12.8
Fighting       | 4 6 8 9 10 | 10.1
Shields        | |  3.2

Action                   |  1- 3 |  4- 6 |  7- 9 || total
-------------------------+-------+-------+-------++-------
Melee: Flail             |    11 |    20 |    60 ||    91
       Punch             |       |       |     2 ||     2
  Use: Potion            |     1 |     2 |     2 ||     5
       Scroll            |       |       |     1 ||     1
Armor: Scale mail        |     1 |     5 |    47 ||    53
Dodge: Dodged            |     3 |     9 |    42 ||    54
